 Dungeon Crawl Stone Soup version 0.24.1-14-gf8d2b509d9 (console) character file.

Game seed: 5326408383016338079, levelgen mode: deterministic

941 Kagalorn the Bolt Thrower (level 8, -3/67 HPs)
             Began as a Gnoll Wanderer on Mar 8, 2021.
             Was a Follower of the Shining One.
             Slain by a centaur (8 damage)
             ... on level 5 of the Dungeon.
             The game lasted 00:10:24 (4125 turns).

Kagalorn the Bolt Thrower (Gnoll Wanderer)          Turns: 4125, Time: 00:10:25

Health: -3/67      AC:  7    Str: 18    XL:     8   Next: 12%
Magic:  12/12      EV: 14    Int: 14    God:    the Shining One [*.....]
Gold:   133        SH:  5    Dex: 14    Spells: 12/12 levels left

rFire    . . .     SeeInvis .   a - +0 long sword
rCold    . . .     Gourm    .   B - +0 buckler
rNeg     + . .     Faith    .   c - +0 ring mail
rPois    .         Spirit   .   (no helmet)
rElec    .         Reflect  .   (no cloak)
rCorr    .         Harm     .   (no gloves)
MR       .....                  y - +0 pair of boots
Stlth    +.........             (no amulet)
HPRegen  0.21/turn              o - ring of positive energy
MPRegen  0.13/turn              r - +2 ring of evasion

@: glowing
A: distributed training, fangs 1, strong nose
a: Renounce Religion


You were on level 5 of the Dungeon.
You worshipped the Shining One.
The Shining One was aware of your devotion.
You were near starving.

You visited 1 branch of the dungeon, and saw 5 of its levels.

You collected 133 gold pieces.

Inventory:

Hand Weapons
 a - a +0 long sword (weapon)
 b - a +2 hand crossbow
 z - a +0 flail of crushing
 C - a cursed -1 rapier
 E - a +0 morningstar
Missiles
 d - 59 bolts
 i - 4 boomerangs (quivered)
 j - 58 stones
 l - 38 arrows
 p - 30 sling bullets
 q - 3 javelins
Armour
 c - a +0 ring mail (worn)
 y - a +0 pair of boots (worn)
 B - a +0 buckler (worn)
Jewellery
 o - a ring of positive energy (left hand)
 r - a +2 ring of evasion (right hand)
Scrolls
 k - 3 scrolls of identify {unknown}
 n - 3 scrolls of remove curse {unknown}
 s - a scroll of random uselessness {unknown}
 t - 2 scrolls of enchant armour {unknown}
 w - a scroll of immolation {unknown}
 A - a scroll of blinking {unknown}
 D - a scroll of teleportation {unknown}
Potions
 e - a potion of degeneration {unknown}
 g - a potion of curing
 m - 2 potions of lignification
 u - a potion of heal wounds {unknown}
 v - a potion of might
 x - a potion of flight
 F - a potion of brilliance {unknown}
Comestibles
 f - 6 rations


   Skills:
 + Level 7.2 Fighting
 + Level 2.9 Short Blades
 + Level 2.9 Long Blades
 + Level 2.9 Axes
 + Level 2.9 Maces & Flails
 + Level 2.9 Polearms
 + Level 2.9 Staves
 + Level 2.9 Slings
 + Level 2.9 Bows
 + Level 7.2 Crossbows
 + Level 3.9 Throwing
 + Level 5.4 Armour
 + Level 2.9 Dodging
 + Level 2.9 Stealth
 + Level 2.9 Shields
 + Level 2.9 Unarmed Combat
 + Level 2.9 Spellcasting
 + Level 2.3 Conjurations
 + Level 2.3 Hexes
 + Level 2.3 Charms
 + Level 2.3 Summonings
 + Level 2.3 Necromancy
 + Level 2.3 Translocations
 + Level 2.3 Transmutations
 + Level 2.3 Fire Magic
 + Level 2.3 Ice Magic
 + Level 2.3 Air Magic
 + Level 2.3 Earth Magic
 + Level 2.3 Poison Magic
 + Level 3.2 Invocations
 + Level 3.9 Evocations


You had 12 spell levels left.
You didn't know any spells.
Your spell library was empty.

Dungeon Overview and Level Annotations

Branches:
Dungeon (5/15)
 Temple: D:4-7

Altars:
Cheibriados
Okawaru
Trog
Uskayaw
Zin
The Shining One


Innate Abilities, Weirdness & Mutations

Your experience applies equally to all skills.
You have very sharp teeth.
Your uncanny sense of smell can sniff out nearby items.


Message History

The black bear goes berserk!
You hit the black bear.
You kill the black bear!
You hear the slow hiss of a very distant avalanche of sand.
You feel less wooden.
Your +0 pair of boots unmelds from your body.
Your +0 ring mail unmelds from your body.
The centaur shoots an arrow.
The arrow hits you!
* * * LOW HITPOINT WARNING * * *
The centaur shoots an arrow.
The arrow hits you!
* * * LOW HITPOINT WARNING * * *
The centaur shoots an arrow.
The arrow barely misses you.
The centaur shoots an arrow.
The arrow misses you.
The centaur unwields a +0 shortbow.
The centaur hits you but does no damage. x2
You see here 14 sling bullets.
You hit the centaur but do no damage.
The centaur is lightly wounded.
The centaur hits you!
You die...

#.#.(..####
###..(##a(..#
#.....#####(#
#...(.# #.#
#.....# #a#
#.....# #c#
#..<..# #.# #
#.....#
#.#####.#
#.....#
#.ac@(.(#
#######
#########


You could see a centaur and a worker ant.

Vanquished Creatures
  Grinder (D:3)
  Purgy (D:3)
  A black bear (D:5)
  A sky beast (D:5)
  5 killer bees (D:4)
  A howler monkey (D:4)
  An orc wizard (D:4)
  Jessica (D:3)
  An iguana (D:4)
  A gnoll (D:1)
  6 adders
  2 worms
  A dart slug (D:1)
  6 leopard geckos
  9 orcs
  3 ball pythons
  7 bats
  7 giant cockroaches
  5 goblins
  7 hobgoblins
  8 jackals
  9 kobolds
  A quokka (D:2)
  9 frilled lizards
  15 rats
109 creatures vanquished.

Notes
Turn   | Place    | Note
-------+----------+-------------------------------------------
     0 | D:1      | Kagalorn the Gnoll Wanderer began the quest for the Orb.
     0 | D:1      | Kagalorn set off with the following items: a +2 hand
                  | crossbow, 27 bolts, a +0 ring mail, a potion of curing, a
                  | ration
     0 | D:1      | Reached XP level 1. HP: 23/23 MP: 2/2
   127 | D:1      | Reached XP level 2. HP: 29/29 MP: 3/3
   225 | D:1      | Reached XP level 3. HP: 21/35 MP: 4/4
   409 | D:1      | Reached skill level 1 in Invocations
   851 | D:2      | Found a snail-covered altar of Cheibriados.
   851 | D:2      | Found a bloodstained altar of Trog.
   852 | D:2      | Found a glowing golden altar of the Shining One.
   860 | D:2      | Reached skill level 1 in Short Blades
   860 | D:2      | Reached skill level 1 in Long Blades
   860 | D:2      | Reached skill level 1 in Axes
   860 | D:2      | Reached skill level 1 in Maces & Flails
   860 | D:2      | Reached skill level 1 in Polearms
   860 | D:2      | Reached skill level 1 in Staves
   860 | D:2      | Reached skill level 1 in Slings
   860 | D:2      | Reached skill level 1 in Bows
   860 | D:2      | Reached skill level 1 in Dodging
   860 | D:2      | Reached skill level 1 in Stealth
   860 | D:2      | Reached skill level 1 in Shields
   860 | D:2      | Reached skill level 1 in Unarmed Combat
   860 | D:2      | Reached skill level 1 in Spellcasting
   869 | D:2      | Became a worshipper of the Shining One
   895 | D:2      | Reached XP level 4. HP: 41/41 MP: 6/6
  1300 | D:2      | Reached skill level 1 in Conjurations
  1300 | D:2      | Reached skill level 1 in Hexes
  1300 | D:2      | Reached skill level 1 in Charms
  1300 | D:2      | Reached skill level 1 in Summonings
  1300 | D:2      | Reached skill level 1 in Necromancy
  1300 | D:2      | Reached skill level 1 in Translocations
  1300 | D:2      | Reached skill level 1 in Transmutations
  1300 | D:2      | Reached skill level 1 in Fire Magic
  1300 | D:2      | Reached skill level 1 in Ice Magic
  1300 | D:2      | Reached skill level 1 in Air Magic
  1300 | D:2      | Reached skill level 1 in Earth Magic
  1300 | D:2      | Reached skill level 1 in Poison Magic
  1537 | D:2      | Reached XP level 5. HP: 47/47 MP: 7/7
  1981 | D:3      | Noticed Grinder
  1985 | D:3      | Paralysed by Grinder for 6 turns
  2002 | D:3      | Paralysed by Grinder for 4 turns
  2019 | D:3      | Paralysed by Grinder for 5 turns
  2033 | D:3      | Paralysed by Grinder for 5 turns
  2041 | D:3      | Killed Grinder
  2041 | D:3      | Reached skill level 5 in Armour
  2041 | D:3      | Reached XP level 6. HP: 13/53 MP: 8/8
  2301 | D:3      | Noticed Jessica
  2304 | D:3      | Killed Jessica
  2377 | D:3      | Reached * piety under the Shining One
  2691 | D:3      | Noticed Purgy
  2705 | D:3      | Killed Purgy
  2705 | D:3      | Reached XP level 7. HP: 54/59 MP: 10/10
  2993 | D:4      | Found a hide-covered altar of Uskayaw.
  3815 | D:4      | Found a glowing silver altar of Zin.
  3930 | D:4      | Found an iron altar of Okawaru.
  4076 | D:5      | Entered Level 5 of the Dungeon
  4088 | D:5      | Reached XP level 8. HP: 23/67 MP: 12/12
  4091 | D:5      | HP: 1/67 [centaur/arrow (7)]
  4092 | D:5      | The Shining One protects you from harm!
  4125 | D:5      | Slain by a centaur

Levels and vault maps discovered:
D:1:      zaba_arrival_water, layout_basic
D:2:      minmay_alternating_diamond, layout_basic,
          chequers_temple_overflow_statue_of_worship, serial_bayou_ford_a,
          minmay_pentomino_z2
D:3:      layout_basic, first_ration, uniq_jessica, uniq_grinder, uniq_purgy
D:4:      layout_rooms, overflow_temple_1_default, old_standard_altar,
          lemuel_tele_altar
D:5:      layout_rooms, minmay_temple_entry_proselytizer, enter_ossuary_1,
          minmay_chambers_of_fives

Skill      XL: |  1  2  3  4  5  6  7 |
---------------+----------------------+-----
Invocations    | 1 2 3 |  3.2
Short Blades   | 1 2 |  2.9
Long Blades    | 1 2 |  2.9
Axes           | 1 2 |  2.9
Maces & Flails | 1 2 |  2.9
Polearms       | 1 2 |  2.9
Staves         | 1 2 |  2.9
Slings         | 1 2 |  2.9
Bows           | 1 2 |  2.9
Dodging        | 1 2 |  2.9
Stealth        | 1 2 |  2.9
Shields        | 1 2 |  2.9
Unarmed Combat | 1 2 |  2.9
Spellcasting   | 1 2 |  2.9
Conjurations   | 1 2 |  2.3
Hexes          | 1 2 |  2.3
Charms         | 1 2 |  2.3
Summonings     | 1 2 |  2.3
Necromancy     | 1 2 |  2.3
Translocations | 1 2 |  2.3
Transmutations | 1 2 |  2.3
Fire Magic     | 1 2 |  2.3
Ice Magic      | 1 2 |  2.3
Air Magic      | 1 2 |  2.3
Earth Magic    | 1 2 |  2.3
Poison Magic   | 1 2 |  2.3
Throwing       | 3 |  3.9
Armour         | 5 |  5.4
Evocations     | 3 |  3.9
Fighting       | 7 |  7.2
Crossbows      | 7 |  7.2

Action                   |  1- 3 |  4- 6 |  7- 9 || total
-------------------------+-------+-------+-------++-------
Melee: Unarmed           |    18 |       |       ||    18
       Bite              |    11 |    16 |     4 ||    31
       Short sword       |    96 |   192 |       ||   288
       Punch             |       |     2 |       ||     2
       Long sword        |       |    27 |   101 ||   128
 Fire: Hand crossbow     |     1 |     4 |       ||     5
  Use: Potion            |       |       |     4 ||     4
  Eat: Chunk             |       |     6 |     3 ||     9
Armor: Ring mail         |    48 |    57 |    35 ||   140
       Skin              |       |       |    42 ||    42
Dodge: Dodged            |    65 |   139 |    86 ||   290
Block: Buckler           |       |     3 |    35 ||    38
       Rpst.: Long sword |       |     6 |    22 ||    28
